 Dungeon Crawl Stone Soup version 0.19.0-19-g8c6edcc (webtiles) character file.

103 Gargoyl the Skirmisher (level 4, -2/37 HPs)
             Began as a Demonspawn Abyssal Knight on Nov 14, 2016.
             Was a Follower of Lugonu.
             Slain by a gnoll
             ... wielding a cursed -3 club
              (7 damage)
             ... on level 2 of the Dungeon.
             The game lasted 00:03:15 (1622 turns).

Gargoyl the Skirmisher (Demonspawn Abyssal Knight)  Turns: 1622, Time: 00:03:16

Health: -2/37      AC:  9    Str: 14    XL:     4   Next: 51%
Magic:  6/6        EV:  6    Int: 13    God:    Lugonu [*.....]
Gold:   108        SH:  0    Dex: 14    Spells: 0 memorised, 3 levels left

rFire  . . .     SeeInvis .     a - +1 hand axe
rCold  . . .     Gourm    .     g - +0 chain mail
rNeg   . . .     Faith    .     (no shield)
rPois  .         Spirit   .     (helmet restricted)
rElec  .         Reflect  .     (no cloak)
rCorr  .         Harm     .     (no gloves)
MR     .....                    (no boots)
Stlth  ..........               (no amulet)
                                (no ring)
                                (no ring)

@: flying
A: horns 1, thin skeletal structure 1, nightstalker 1
a: Depart the Abyss, Renounce Religion


You were on level 2 of the Dungeon.
You worshipped Lugonu.
Lugonu was aware of your devotion.
You were not hungry.

You visited 1 branch of the dungeon, and saw 2 of its levels.
You visited the Abyss 1 time.

You collected 108 gold pieces.

Inventory:

Hand Weapons
 a - a +1 hand axe (weapon)
Missiles
 n - 7 tomahawks (quivered)
Armour
 b - a +0 leather armour
 g - a +0 chain mail (worn)
Wands
 e - a wand of confusion (19/48)
Scrolls
 d - 2 scrolls of enchant weapon {unknown}
 f - a scroll of remove curse {unknown}
 j - a scroll of noise {unknown}
 k - 4 scrolls of identify {unknown}
 l - a scroll of amnesia {unknown}
 p - a scroll of immolation {unknown}
 r - a scroll of magic mapping {unknown}
Potions
 i - 3 potions of brilliance
Comestibles
 c - a bread ration
 m - 2 slices of pizza
 o - a chunk of flesh
 q - a beef jerky


   Skills:
 + Level 3.8 Fighting
 + Level 2.4 Axes
 * Level 2.9 Armour
 + Level 1.0 Dodging
 * Level 3.2 Invocations


You had 3 spell levels left.
You didn't know any spells.

Dungeon Overview and Level Annotations

Branches:
Dungeon (2/15)

Altars:
Dithmenos


Innate Abilities, Weirdness & Mutations

You have a pair of small horns on your head.
You have a somewhat thin skeletal structure. (Dex +2, Stealth)
You are slightly more attuned to the shadows.


Message History

The gnoll hits you.
You hit the gnoll. Your headbutt misses the gnoll.
The gnoll is almost dead.
The gnoll hits you. x2
* * * LOW HITPOINT WARNING * * *
You hit the gnoll.
You kill the gnoll!
Lugonu accepts your kill. The gnoll hits you but does no damage.
You hit the gnoll.
The gnoll is moderately wounded.
The gnoll hits you but does no damage.
You hit the gnoll. Your headbutt misses the gnoll.
The gnoll is heavily wounded.
The gnoll hits you with a club.
* * * LOW HITPOINT WARNING * * *
You hit the gnoll.
The gnoll is severely wounded.
The gnoll hits you with a club!
You die...

#....#....#
#....#.####
######.####
#........#
#........#
#........#
#####.##....
#g# .... #@#
... #.# ..
#.# #.. ...!
.....
.......
.....#..


You could see a gnoll.

Vanquished Creatures
  Terence (D:2)
  An adder (D:2)
  3 gnolls
  An ooze (D:2)
  3 dart slugs
  2 leopard geckos (D:2)
  A ball python (D:1)
  3 bats (D:1)
  A goblin (D:2)
  3 hobgoblins
  2 jackals (D:2)
  4 kobolds (D:1)
  A quokka (D:2)
  2 frilled lizards
  6 rats
34 creatures vanquished.

Notes
Turn   | Place    | Note
-------+----------+-------------------------------------------
     0 | Abyss:1  | Gargoyl the Demonspawn Abyssal Knight began the quest for the Orb.
     0 | Abyss:1  | Reached XP level 1. HP: 18/18 MP: 2/2
   131 | Abyss:2  | Noticed a chaos spawn
   165 | Abyss:3  | Noticed a flying skull
   177 | Abyss:3  | Noticed a smoke demon
   178 | D:1      | Escaped the Abyss
   221 | D:1      | Reached * piety under Lugonu
   466 | D:1      | Gained mutation: You have a pair of small horns on your head. [demonic ancestry]
   466 | D:1      | Reached XP level 2. HP: 22/24 MP: 3/3
   474 | D:1      | Reached skill level 1 in Dodging
   838 | D:2      | Gained mutation: You are slightly more attuned to the shadows. [demonic ancestry]
   838 | D:2      | Reached XP level 3. HP: 27/29 MP: 4/4
   966 | D:2      | Found a faded altar of an unknown god.
  1119 | D:2      | Found a shadowy altar of Dithmenos.
  1283 | D:2      | Noticed Terence
  1327 | D:2      | Killed Terence
  1327 | D:2      | Gained mutation: You have a somewhat thin skeletal structure. (Dex +2, Stealth) [demonic ancestry]
  1327 | D:2      | Reached XP level 4. HP: 13/37 MP: 6/6
  1622 | D:2      | Slain by a gnoll

Skill      XL: |  1  2  3 |
---------------+----------+-----
Axes           | 2 |  2.4
Armour         | 2 |  2.9
Dodging        | 1 |  1.0
Invocations    | 3 |  3.2
Fighting       | |  3.8

Action                   |  1- 3 |  4- 6 || total
-------------------------+-------+-------++-------
Melee: Hand axe          |    91 |    23 ||   114
       Headbutt          |    13 |     1 ||    14
Invok: Depart the Abyss  |     1 |       ||     1
  Use: Potion            |     2 |     1 ||     3
  Eat: Chunk             |     1 |     1 ||     2
Armor: Chain mail        |    69 |    13 ||    82
Dodge: Dodged            |    22 |     5 ||    27
